[Event "Team 45 45 League T33"]
[Site "Internet Chess Club"]
[Date "2007.06.10"]
[Round "8"]
[White "mitus"]
[Black "BillyNoMates"]
[Result "1/2-1/2"]
[WhiteElo "1886"]
[BlackElo "1898"]
[ECO "C15"]
[TimeControl "2700+45"]

1. e4 e6 2. d4 d5 3. Nc3 Bb4 4. Ne2 Nf6 5. a3 Be7 6. e5 Nfd7 7. Be3 c5 8. Qd2
Nc6 9. O-O-O b5 10. Na2 b4 11. axb4 cxb4 12. b3 a5 13. Nf4 Ba6 14. Bxa6 Rxa6 15.
Nd3 Qb6 16. Nb2 O-O 17. Na4 Qb8 18. Qd3 Ra7 19. Kd2 f6 20. f4 fxe5 21. fxe5 Rc7
22. Rhf1 Qc8 23. Rxf8+ Bxf8 24. Rc1 Qb7 25. c4 bxc3+ 26. Qxc3 Bb4 27. Nxb4 axb4
28. Qd3 Ne7 {Game drawn by mutual agreement} 1/2-1/2

[Event "Team 45 45 League T33"]
[Site "Internet Chess Club"]
[Date "2007.06.12"]
[Round "8"]
[White "shijith"]
[Black "mambomex"]
[Result "0-1"]
[WhiteElo "1797"]
[BlackElo "1821"]
[ECO "D48"]
[TimeControl "2700+45"]

1. d4 d5 2. c4 c6 3. Nf3 Nf6 4. Nc3 e6 5. e3 Nbd7 6. Bd3 dxc4 7. Bxc4 b5 8. Bd3
a6 9. e4 c5 10. d5 c4 11. dxe6 fxe6 12. Bc2 Qc7 13. O-O Bd6 14. Nd4 Nb6 15. f4
e5 16. Nde2 O-O 17. Be3 Bb7 18. Bxb6 Qxb6+ 19. Kh1 Rad8 20. Nd5 Bxd5 21. exd5
Ng4 22. fxe5 Rxf1+ 23. Qxf1 Nf2+ 24. Kg1 Rf8 25. Bxh7+ Kxh7 26. Qb1+ Nd3+ 27.
Kh1 Bxe5 28. Nc3 Kg8 29. g3 Nf2+ 30. Kg2 Qe3 31. a4 Qf3+ 32. Kf1 Nd3+ 33. Kg1
Bd4# {White checkmated} 0-1

[Event "Team 45 45 League T33"]
[Site "Internet Chess Club"]
[Date "2007.06.09"]
[Round "8"]
[White "hualpe"]
[Black "hansolo1000"]
[Result "1-0"]
[WhiteElo "1826"]
[BlackElo "1747"]
[ECO "A22"]
[TimeControl "2700+45"]

1. c4 Nf6 2. g3 e5 3. Nc3 Be7 4. Bg2 O-O 5. Nf3 d6 6. d4 exd4 7. Nxd4 c6 8. O-O
Bg4 9. f3 Bh5 10. e4 Nbd7 11. Be3 d5 12. exd5 cxd5 13. cxd5 Nb6 14. Nf5 Re8 15.
Nxe7+ Qxe7 16. Bxb6 axb6 17. Qd4 Qd6 18. Ne4 Nxe4 19. fxe4 Rad8 20. Rae1 Qc5 21.
Qxc5 bxc5 22. e5 b5 23. d6 Bg4 24. Bc6 Bd7 25. Bxd7 Rxd7 26. Rf5 f6 27. e6 Rxd6
28. Rxc5 Rb6 29. b4 Rbxe6 30. Rxe6 Rxe6 31. Rxb5 Kf7 32. Rb7+ Ke8 33. Rxg7 Ra6
34. b5 Rxa2 35. b6 Rb2 36. b7 Kd8 37. Rxh7 f5 38. Rh8+ Kc7 39. b8=Q+ Rxb8 40.
Rxb8 Kxb8 41. Kf2 Kc7 42. Kf3 Kd7 43. Kf4 Ke6 44. Kg5 {Black resigns} 1-0

[Event "Team 45 45 League T33"]
[Site "Internet Chess Club"]
[Date "2007.06.07"]
[Round "8"]
[White "LoseOften"]
[Black "PiedraBuena"]
[Result "1-0"]
[WhiteElo "1801"]
[BlackElo "1804"]
[ECO "B10"]
[TimeControl "2700+45"]

1. e4 c6 2. Nf3 d5 3. e5 Bg4 4. d4 e6 5. c4 Bb4+ 6. Nc3 Bxf3 7. Qxf3 dxc4 8. Qg4
g6 9. Bxc4 h5 10. Qe4 Nd7 11. O-O Nb6 12. Bb3 Ne7 13. Bg5 Qd7 14. a3 Ba5 15.
Rac1 Nbd5 16. Na4 Bb6 17. Nc5 Qc8 18. Bxd5 Nxd5 19. Qh4 Rb8 20. Ne4 Bd8 21. Nd6+
{Black resigns} 1-0

[Event "Team 45 45 League T33"]
[Site "Internet Chess Club"]
[Date "2007.06.12"]
[Round "8"]
[White "Squaredance"]
[Black "cascarillo"]
[Result "1-0"]
[WhiteElo "2047"]
[BlackElo "2045"]
[ECO "A46"]
[TimeControl "2700+45"]

1. d4 Nf6 2. Nf3 e6 3. e3 b6 4. Bd3 Bb7 5. O-O Ne4 6. c4 f5 7. Nc3 Bb4 8. Bxe4
fxe4 9. Nd2 Qh4 10. Ndxe4 O-O 11. f3 d5 12. cxd5 exd5 13. Qb3 Bxc3 14. Nxc3 c6
15. e4 Ba6 16. Rf2 Bc4 17. Qc2 Na6 18. b3 Nb4 19. Qd2 Ba6 20. Ba3 Nd3 21. Bxf8
Rxf8 22. Re2 Nf4 23. Re3 Qg5 24. Rae1 c5 25. g3 Ne6 26. exd5 cxd4 27. dxe6 dxe3
28. Qxe3 Qxe3+ 29. Rxe3 Re8 30. f4 Kf8 31. f5 Ke7 32. Re4 Rc8 33. Nd5+ Kd6 34.
e7 Re8 35. f6 gxf6 36. Nxf6 Rxe7 37. Rxe7 Kxe7 38. Nxh7 Bd3 39. Ng5 Kf6 40. Nf3
Bb1 41. a3 Be4 42. Kf2 Bd5 43. Nd4 Kg5 44. h4+ Kg4 45. b4 Be4 46. Ke3 Bd5 47.
Nb5 a5 48. Nc3 Bf7 49. Ne4 Ba2 50. Kd4 Bf7 51. Nd6 Bh5 52. Ne4 Kf5 53. Nf2 axb4
54. axb4 Be2 55. g4+ Kf6 56. g5+ Kg6 57. Ke5 Kh5 58. Kf6 Kxh4 59. g6 Bf3 60. g7
Bd5 61. Ne4 Kg4 62. Nd6 Bg8 63. Nf7 Kf4 64. Nh6 Bh7 65. g8=Q Bxg8 66. Nxg8 Ke4
67. Ke6 Kd4 68. Ne7 Kc4 69. Nd5 Kb5 70. Kd6 Kc4 71. Kc6 b5 72. Kb6 {Black
resigns} 1-0

[Event "Team 45 45 League T33"]
[Site "Internet Chess Club"]
[Date "2007.06.09"]
[Round "8"]
[White "Amauta"]
[Black "tourettes"]
[Result "1-0"]
[WhiteElo "1962"]
[BlackElo "1811"]
[ECO "C02"]
[TimeControl "2700+45"]

1. e4 e6 2. d4 d5 3. e5 c5 4. Qg4 Qa5+ 5. Bd2 Qb6 6. b3 Nc6 7. Nf3 cxd4 8. Bd3
Nge7 9. O-O Ng6 10. Re1 Nb4 11. Bxb4 Bxb4 12. Re2 Bc5 13. Nbd2 O-O 14. Ng5 Be7
15. Ndf3 Bd7 16. h4 Bb5 17. Rd1 Bxd3 18. Rxd3 h6 19. Nh3 Rfc8 20. h5 Nf8 21.
Nxd4 Nd7 22. Rg3 Bf8 23. Qf4 Nc5 24. Rf3 Rc7 25. c4 dxc4 26. bxc4 Rd8 27. Nb5
Rcd7 28. Kh2 a6 29. Nc3 Nd3 30. Qg3 Nc5 31. Ne4 Nxe4 32. Rxe4 Rd4 33. Ref4 Qc7
34. Rxf7 Qxc4 35. Rxb7 Rg4 36. Rf4 Rxg3 37. Rxc4 Ra3 38. Rc6 Rxa2 39. Rxe6 Ra4
40. g3 Ra2 41. Kg2 a5 42. Rg6 Re8 43. e6 Re2 44. Nf4 Re5 45. Ra7 Be7 46. g4 Bf6
47. Rf7 R8xe6 48. Rfxg7+ Bxg7 49. Nxe6 Rxe6 50. Rxe6 Kh7 51. Ra6 Bc3 52. f4 Bd2
53. Kf3 Bc3 54. Ke4 Bd2 55. Kf5 Kg7 56. Ra7+ Kf8 57. Kf6 Ke8 58. g5 Bxf4 59. g6
Bg5+ 60. Ke6 Kf8 61. Rxa5 Kg7 62. Rxg5 hxg5 63. Kf5 Kh6 64. Kg4 Kg7 65. Kxg5 Kg8
66. Kf6 Kf8 67. g7+ Kg8 68. h6 {Black resigns} 1-0

[Event "Team 45 45 League T33"]
[Site "Internet Chess Club"]
[Date "2007.06.11"]
[Round "8"]
[White "kingfischer57"]
[Black "makito"]
[Result "0-1"]
[WhiteElo "1758"]
[BlackElo "1778"]
[ECO "D87"]
[TimeControl "2700+45"]

1. d4 Nf6 2. c4 g6 3. Nc3 d5 4. cxd5 Nxd5 5. e4 Nxc3 6. bxc3 Bg7 7. Bc4 O-O 8.
Ne2 c5 9. Be3 Nc6 10. Rc1 Na5 11. Bd3 c4 12. Bc2 Bd7 13. O-O b5 14. Qd2 e6 15.
Bh6 Qe7 16. Bxg7 Kxg7 17. f4 Bc6 18. Ng3 f6 19. f5 e5 20. fxg6 hxg6 21. d5 Rad8
22. Qe3 Be8 23. Bd1 Rh8 24. Bg4 Bf7 25. Rb1 a6 26. Qb6 Nb7 27. Qxa6 Qc5+ 28. Kh1
Nd6 29. Rb2 Qe3 30. Rbf2 Qxg3 31. h3 Qxg4 32. Rxf6 Qd7 33. Qb6 Rxh3+ 34. gxh3
Qxh3+ 35. Kg1 Qg3+ {White resigns} 0-1

[Event "Team 45 45 League T33"]
[Site "Internet Chess Club"]
[Date "2007.06.08"]
[Round "8"]
[White "BrerRabbit"]
[Black "reijo"]
[Result "1-0"]
[WhiteElo "1567"]
[BlackElo "1597"]
[ECO "D11"]
[TimeControl "2700+45"]

1. d4 d5 2. c4 c6 3. Nf3 Nf6 4. e3 e6 5. Nbd2 Nbd7 6. b3 Bd6 7. Bb2 O-O 8. Bd3
Re8 9. Ne5 Qc7 10. f4 c5 11. O-O cxd4 12. exd4 b6 13. Rc1 Qd8 14. Rf3 Bb7 15.
Rh3 dxc4 16. Ndxc4 Be7 17. Nxd7 Qxd7 18. Ne5 Qd5 19. Qf3 Rac8 20. Bc4 Qxf3 21.
Nxf3 Nd5 22. g3 Ne3 23. Bd3 h6 24. Ne5 Nd5 25. Re1 Nb4 26. Bb1 Nd5 27. Be4 Bb4
28. Re2 Ba6 29. Bd3 Bxd3 30. Nxd3 Nc3 31. Re1 Nxa2 32. Ra1 Rc2 33. Rxa2 Bc3 34.
Bxc3 Rxc3 35. g4 a5 36. Kg2 Rxb3 37. Ne5 Rb1 38. Rc3 Ra8 39. Rc7 f6 40. Nf3 b5
41. Rac2 b4 42. Rb7 b3 43. Rcc7 a4 44. Rxg7+ Kf8 45. Nh4 Rd8 46. Ng6+ Ke8 47.
Rg8# {Black checkmated} 1-0

[Event "Team 45 45 League T33"]
[Site "Internet Chess Club"]
[Date "2007.06.11"]
[Round "8"]
[White "Thestorm"]
[Black "chickenhead"]
[Result "1/2-1/2"]
[WhiteElo "2122"]
[BlackElo "1913"]
[ECO "C06"]
[TimeControl "2700+45"]

1. e4 e6 2. d4 d5 3. Nd2 Nf6 4. e5 Nfd7 5. Bd3 c5 6. c3 Nc6 7. Ne2 cxd4 8. cxd4
f6 9. exf6 Nxf6 10. Nf3 Bd6 11. Kf1 O-O 12. Qb3 Qe7 13. Bg5 Bd7 14. Re1 Na5 15.
Qd1 Rac8 16. Ng3 Qf7 17. Kg1 Nc6 18. a3 Na5 {Game drawn by mutual agreement}
1/2-1/2

[Event "Team 45 45 League T33"]
[Site "Internet Chess Club"]
[Date "2007.06.10"]
[Round "8"]
[White "Nosferatu1"]
[Black "ETwoEFour"]
[Result "0-1"]
[WhiteElo "1798"]
[BlackElo "1993"]
[ECO "A48"]
[TimeControl "2700+45"]

1. d4 Nf6 2. Nf3 g6 3. Nc3 d5 4. Bf4 Bg7 5. e3 O-O 6. Bd3 c5 7. dxc5 Nbd7 8. O-O
Nxc5 9. h3 Nfe4 10. Nb5 Bxb2 11. Rb1 Bg7 12. Qc1 a6 13. Qa3 Bxh3 14. Nc7 Rc8 15.
Nxd5 Qxd5 16. gxh3 Nc3 17. e4 Nxb1 18. Rxb1 Nxe4 19. Qxe7 Nc5 20. Kg2 Rfe8 21.
Qg5 Qxa2 22. Rb6 h6 23. Qg3 Re6 24. Bd6 Nxd3 25. cxd3 Re2 26. Rxb7 Rcc2 27. Rb8+
Kh7 28. Qh4 Rxf2+ 29. Kg3 Rg2+ 30. Kf4 Qe6 31. Qd8 Qf5+ {White forfeits on time}
0-1

[Event "Team 45 45 League T33"]
[Site "Internet Chess Club"]
[Date "2007.06.10"]
[Round "8"]
[White "quotha"]
[Black "John3v16"]
[Result "0-1"]
[WhiteElo "1590"]
[BlackElo "1903"]
[ECO "B40"]
[TimeControl "2700+45"]

1. e4 c5 2. Nf3 e6 3. Bc4 Nc6 4. O-O a6 5. a4 Nf6 6. e5 Ng4 7. Re1 Qc7 8. Qe2 d5
9. Ba2 Nb4 10. Na3 Nxa2 11. Rxa2 Be7 12. h3 Nh6 13. c3 Bd7 14. Nc2 b5 15. a5 b4
16. b3 c4 17. Ncd4 cxb3 18. Nxb3 Bb5 19. Qd1 Bd3 20. Nfd4 Bg6 21. cxb4 Bxb4 22.
Ba3 Bxa3 23. Rxa3 Nf5 24. Nf3 Ne7 25. d4 Qc4 26. Nc5 Nc6 27. Nb7 O-O 28. Ree3
Rab8 29. Rec3 Qb5 30. Rc5 Qxb7 31. Qa4 Rfc8 32. Nd2 Ne7 33. Rb3 Qa7 34. Rb6 h6
35. Nb3 Bd3 36. Rxc8+ Rxc8 37. Nc5 Bb5 38. Qd1 Rb8 {White resigns} 0-1

[Event "Team 45 45 League T33"]
[Site "Internet Chess Club"]
[Date "2007.06.09"]
[Round "8"]
[White "winerum"]
[Black "joshtournman"]
[Result "0-1"]
[WhiteElo "1704"]
[BlackElo "1563"]
[ECO "C66"]
[TimeControl "2700+45"]

1. e4 e5 2. Nf3 Nc6 3. Bb5 d6 4. O-O Nf6 5. Nc3 a6 6. Bxc6+ bxc6 7. h3 Bb7 8. d4
exd4 9. Qxd4 c5 10. Qc4 Be7 11. Bg5 O-O 12. Rfe1 Bxe4 13. Bxf6 Bxf6 14. Nxe4
Bxb2 15. Rad1 Ba3 16. Re2 Rb8 17. Nc3 Qc8 18. Re7 Rb4 19. Qd5 Bb2 20. Ne4 Qd8
21. Neg5 Qxe7 22. Re1 Be5 23. a3 Rf4 24. Rb1 h6 25. Nxe5 Qxe5 26. Qc6 hxg5 27.
Qxc7 Re4 28. Qa5 Re8 29. Rf1 Re1 30. g3 Rxf1+ 31. Kxf1 Qe2+ 32. Kg2 Qxc2 33. Qc7
Qe4+ 34. Kg1 Qf3 35. Qa5 Re2 36. Qd8+ Kh7 37. Qa8 Qxa8 38. Kf1 Qf3 39. h4 Qxf2#
{White checkmated} 0-1

[Event "Team 45 45 League T33"]
[Site "Internet Chess Club"]
[Date "2007.06.09"]
[Round "8"]
[White "StrayLite"]
[Black "chinta"]
[Result "1-0"]
[WhiteElo "1960"]
[BlackElo "1824"]
[ECO "B23"]
[TimeControl "2700+45"]

1. e4 c5 2. Nc3 Nc6 3. f4 e6 4. Nf3 Nd4 5. Bc4 a6 6. a4 Rb8 7. O-O b5 8. axb5
axb5 9. Nxd4 cxd4 10. Nxb5 Bc5 11. Kh1 Bb7 12. f5 e5 13. Qh5 d5 14. f6 Nxf6 15.
Qxe5+ Kf8 16. exd5 Bxd5 17. Bxd5 Nxd5 18. c4 f6 19. Qxd5 {Black resigns} 1-0

[Event "Team 45 45 League T33"]
[Site "Internet Chess Club"]
[Date "2007.06.11"]
[Round "8"]
[White "NFK"]
[Black "siddhu"]
[Result "0-1"]
[WhiteElo "1651"]
[BlackElo "1752"]
[ECO "C22"]
[TimeControl "2700+45"]

1. e4 e5 2. d4 exd4 3. Qxd4 Nc6 4. Qe3 d6 5. Bb5 Bd7 6. Bd2 Nf6 7. Nc3 a6 8. Ba4
Be7 9. Nge2 O-O 10. h3 Ne5 11. Bxd7 Nfxd7 12. O-O-O Nc4 13. Qg3 Nxd2 14. Rxd2
Bh4 15. Qf4 Bg5 16. Qh2 Bxd2+ 17. Kxd2 f5 18. g4 fxe4 19. h4 Ne5 20. Qg3 Qf6 21.
Nxe4 Nc4+ 22. Ke1 Qxb2 {White resigns} 0-1

[Event "Team 45 45 League T33"]
[Site "Internet Chess Club"]
[Date "2007.06.09"]
[Round "8"]
[White "michaelus"]
[Black "Egmont"]
[Result "1-0"]
[WhiteElo "1679"]
[BlackElo "1740"]
[ECO "B39"]
[TimeControl "2700+45"]

1. e4 c5 2. Nf3 Nc6 3. d4 cxd4 4. Nxd4 g6 5. c4 Bg7 6. Be3 Nf6 7. Nc3 Ng4 8.
Qxg4 Nxd4 9. Qd1 Nc6 10. Be2 O-O 11. O-O d6 12. Qd2 Be6 13. Rac1 Ne5 14. b3 a6
15. Rfd1 f5 16. exf5 Rxf5 17. Nd5 Bxd5 18. Qxd5+ Kh8 19. Qxb7 Rf7 20. c5 e6 21.
Qb6 d5 22. c6 Qc8 23. f4 {Black resigns} 1-0

[Event "Team 45 45 League T33"]
[Site "Internet Chess Club"]
[Date "2007.06.08"]
[Round "8"]
[White "Allessia"]
[Black "valipop"]
[Result "1/2-1/2"]
[WhiteElo "2282"]
[BlackElo "2093"]
[ECO "B26"]
[TimeControl "2700+45"]

1. e4 c5 2. Nc3 Nc6 3. g3 g6 4. Bg2 d6 5. d3 Bg7 6. Be3 Rb8 7. Qd2 b5 8. Nge2 b4
9. Nd1 Qb6 10. O-O a5 11. f4 f5 12. h3 Nh6 13. e5 dxe5 14. fxe5 Nf7 15. e6 Nfd8
16. Bh6 O-O 17. Bxg7 Kxg7 18. Nf4 Nd4 19. Ne3 N4xe6 20. Ned5 Qd6 21. Rae1 Rf7
22. Qe3 Nxf4 23. Qxf4 Qxf4 24. gxf4 e6 25. Ne3 Bb7 26. Bxb7 Nxb7 27. Nc4 Kf6 28.
Re5 Rc7 29. Rfe1 Re8 30. Kf2 Ree7 31. h4 a4 32. a3 b3 33. cxb3 axb3 34. Rc1 Nd8
35. Nd2 Rcd7 36. Nxb3 Rxd3 37. Nxc5 Rh3 38. Rce1 Rh2+ 39. Kg3 Rxb2 40. Rd1 Nc6
41. Re3 Rc2 42. Nd7+ Kf7 43. Rd6 Na5 44. Ne5+ Kg7 45. Kf3 Kf6 46. Nd7+ Kf7 47.
Ne5+ Kf6 48. Nd7+ Kg7 49. Rexe6 Rxe6 50. Rxe6 Rc3+ 51. Kf2 Kf7 52. Ra6 Rxa3 53.
Ne5+ Kg7 54. Ra7+ Kh6 55. h5 Nc4 56. Rxa3 Nxa3 57. hxg6 hxg6 58. Ke3 Nb5 59. Nc6
Kg7 60. Ne5 Kf6 61. Nd7+ Kg7 62. Ne5 Nc7 63. Kf3 Nd5 64. Nd7 Kf7 65. Ne5+ Kf6
66. Nd7+ Ke6 67. Nf8+ Kf7 68. Nd7 Ne7 69. Ne5+ Kf6 70. Nd7+ Ke6 71. Nf8+ Kd5 72.
Nd7 Ke6 73. Nf8+ Kf7 74. Nd7 Nc6 75. Kg3 Ke7 76. Nc5 Kd6 77. Nb7+ Kd5 78. Kh4
Ke6 79. Kg5 Kf7 80. Nd6+ Ke6 81. Nb7 Ne7 82. Nd8+ Kd5 83. Nf7 Ke4 84. Ne5 Ke3
85. Nc4+ Kd4 86. Nd6 Ke3 87. Nc4+ Ke4 88. Ne5 Ke3 89. Nc4+ Kf3 90. Nd2+ Kg3 91.
Nc4 Nd5 92. Ne5 Nxf4 93. Nxg6 Nxg6 94. Kxf5 {Game drawn because neither player
has mating material} 1/2-1/2

[Event "Team 45 45 League T33"]
[Site "Internet Chess Club"]
[Date "2007.06.09"]
[Round "8"]
[White "Terte"]
[Black "Gregorio"]
[Result "0-1"]
[WhiteElo "1949"]
[BlackElo "2161"]
[ECO "C50"]
[TimeControl "2700+45"]

1. e4 e5 2. Nf3 Nc6 3. Bc4 Bc5 4. O-O Nf6 5. d4 exd4 6. e5 d5 7. exf6 dxc4 8.
Re1+ Be6 9. Ng5 Qxf6 10. Nxe6 fxe6 11. Qh5+ g6 12. Qxc5 Rf8 13. f3 O-O-O 14. Bg5
Rd5 15. Qxd5 exd5 16. Bxf6 Rxf6 17. a3 Kd7 18. Nd2 b5 19. Kf2 a5 20. g3 Kd6 21.
h4 c3 22. bxc3 dxc3 23. Nb3 a4 24. Rab1 axb3 25. Rxb3 Nd4 26. Rxc3 c5 27. f4 c4
28. Ke3 Ne6 29. Kd2 d4 30. Rf3 Nc5 31. Re5 c3+ 32. Kd1 Rf8 33. h5 Ra8 34. hxg6
hxg6 35. Rg5 Rxa3 36. Rxg6+ Kd5 37. Rg5+ Ke4 38. Rf2 Ke3 {White resigns} 0-1

[Event "Team 45 45 League T33"]
[Site "Internet Chess Club"]
[Date "2007.06.10"]
[Round "8"]
[White "baumhauer"]
[Black "andreip"]
[Result "0-1"]
[WhiteElo "2002"]
[BlackElo "2017"]
[ECO "B15"]
[TimeControl "2700+45"]

1. e4 c6 2. d4 d5 3. Nc3 Nf6 4. e5 Ng8 5. Bd3 a6 6. f4 g6 7. Nf3 Bg4 8. O-O e6
9. Qe1 c5 10. dxc5 Bxc5+ 11. Kh1 Nc6 12. a3 Bxf3 13. Rxf3 Nh6 14. Rb1 Nf5 15. b4
Ba7 16. g4 Nfe7 17. Nd1 h5 18. Rh3 Qc7 19. Be3 d4 20. Bd2 O-O-O 21. gxh5 Rdg8
22. Qe2 Nd5 23. b5 axb5 24. Rxb5 Rxh5 25. Rxh5 gxh5 26. Rb3 Nc3 27. Qf1 Na5 28.
Nxc3 Nxb3 29. Ne4 Nxd2 30. Nxd2 Bc5 31. a4 b6 32. Ne4 Qc6 33. h3 Qxa4 34. Kh2
Be7 35. Qb1 Qb4 36. Qd1 h4 37. Qb1 Qxb1 {White resigns} 0-1

[Event "Team 45 45 League T33"]
[Site "Internet Chess Club"]
[Date "2007.06.10"]
[Round "8"]
[White "Victorianum"]
[Black "Mikey29a"]
[Result "1-0"]
[WhiteElo "1570"]
[BlackElo "1626"]
[ECO "E87"]
[TimeControl "2700+45"]

1. d4 Nf6 2. c4 g6 3. Nc3 Bg7 4. e4 d6 5. f3 O-O 6. Be3 e5 7. d5 Ne8 8. g4 f5 9.
gxf5 gxf5 10. Qd2 fxe4 11. fxe4 Qh4+ 12. Bf2 Qh5 13. Be2 Bg4 14. Bxg4 Qxg4 15.
Nge2 Qg2 16. Ng3 Nf6 17. Rg1 Qxh2 18. O-O-O Kh8 19. Rh1 Qg2 20. Rdg1 Qf3 21. Nf5
Rf7 22. Rh4 Nbd7 23. Rg3 Nxe4 24. Rxh7+ Kxh7 25. Rxg7+ {Black resigns} 1-0

[Event "Team 45 45 League T33"]
[Site "Internet Chess Club"]
[Date "2007.06.09"]
[Round "8"]
[White "searchforbobby1"]
[Black "DeepHmm"]
[Result "1-0"]
[WhiteElo "2139"]
[BlackElo "2157"]
[ECO "B44"]
[TimeControl "2700+45"]

1. e4 c5 2. Nf3 e6 3. d4 cxd4 4. Nxd4 Nc6 5. Nb5 d6 6. c4 Nf6 7. N1c3 a6 8. Na3
b6 9. g4 h6 10. Bg2 Qc7 11. Be3 Be7 12. Rc1 Bd7 13. O-O Rc8 14. h3 O-O 15. f4
Rfd8 16. Qf3 Be8 17. Ne2 Nb4 18. Nc3 Qb8 19. Rcd1 Bc6 20. g5 Nh7 21. gxh6 g6 22.
Qg3 Be8 23. f5 d5 24. Bf4 Bd6 25. fxg6 fxg6 26. Qg4 Bxf4 27. Rxf4 Qd6 28. cxd5
e5 29. Rf2 Bd7 30. Qg3 Rf8 31. Rdd2 Rf4 32. Ne2 Rxf2 33. Qxf2 Nxa2 34. Qe3 Nb4
35. Kh2 a5 36. Qg3 Na6 37. Nd4 Rf8 38. Nf3 b5 39. Qxe5 Qxe5+ 40. Nxe5 Be8 41. d6
b4 42. Nac4 a4 43. d7 Bxd7 44. Rxd7 {Black resigns} 1-0

[Event "Team 45 45 League T33"]
[Site "Internet Chess Club"]
[Date "2007.06.11"]
[Round "8"]
[White "achessman"]
[Black "Burning-Bush"]
[Result "0-1"]
[WhiteElo "2090"]
[BlackElo "2084"]
[ECO "B20"]
[TimeControl "2700+45"]

1. e4 c5 2. b3 a6 3. Bb2 e6 4. Nf3 Nc6 5. g3 d5 6. e5 Nge7 7. Bg2 Ng6 8. O-O Be7
9. Qe2 O-O 10. c3 Bd7 11. d4 cxd4 12. cxd4 Qb6 13. Rc1 Rfc8 14. h4 h6 15. h5 Nf8
16. Nc3 Na5 17. Bf1 Rc7 18. Rc2 Rac8 19. Rac1 Nh7 20. Qd2 Bb4 21. Kg2 Be8 22. g4
Be7 23. Ne1 f6 24. f4 fxe5 25. dxe5 Bb4 26. Qd3 Nc6 27. Na4 Qa5 28. Nf3 Be7 29.
Bc3 Nb4 30. Bxb4 Bxb4 31. Nd4 Bf7 32. Rxc7 Rxc7 33. Rxc7 Qxc7 34. Qc2 Qd8 35.
Be2 b5 36. Nb2 Qh4 37. Nd3 Be1 38. Nxe1 Qxe1 39. Qd1 Qc3 40. Nf3 g6 41. hxg6
Bxg6 42. Qd2 Qc5 43. Nd4 Qe7 44. Kg3 Nf8 45. Qc3 b4 46. Qd2 a5 47. Bf3 Qc7 48.
Kg2 Bb1 49. Kf2 Qe7 50. Ke3 Qc5 51. Be2 Ng6 52. Bd3 Bxd3 53. Kxd3 Kf7 54. Nf3
Qb5+ 55. Ke3 Qc5+ 56. Nd4 Ne7 57. Qc2 Qb6 58. Qh7+ Ke8 59. Qxh6 Qc5 60. Qxe6
Qc3+ 61. Ke2 Qxd4 62. Qf6 Qe4+ 63. Kf2 Qh1 64. e6 Qh2+ 65. Kf1 Qh1+ 66. Ke2 Qg2+
67. Kd3 Qf3+ 68. Kd4 Qc3# {White checkmated} 0-1

[Event "Team 45 45 League T33"]
[Site "Internet Chess Club"]
[Date "2007.06.08"]
[Round "8"]
[White "spacecadet"]
[Black "Andre"]
[Result "0-1"]
[WhiteElo "1965"]
[BlackElo "1927"]
[ECO "C03"]
[TimeControl "2700+45"]

1. e4 e6 2. d4 d5 3. Nd2 dxe4 4. Nxe4 Nf6 5. Nxf6+ Qxf6 6. Nf3 h6 7. g3 Bd6 8.
Bg2 O-O 9. O-O Nd7 10. c4 c5 11. dxc5 Bxc5 12. Rb1 a5 13. a3 a4 14. b4 axb3 15.
Qxb3 Ra7 16. Nd2 Qe7 17. Ra1 b6 18. Ne4 Bd4 19. Ra2 Ba6 20. Bb2 Bxb2 21. Rxb2
Ne5 22. Rc2 Bxc4 23. Rxc4 Nxc4 24. Qxc4 Rxa3 25. Rb1 Rd8 26. h3 Qa7 27. Qb4 Ra1
28. Rxa1 Qxa1+ 29. Kh2 Qd4 30. Qb5 f5 31. Nc3 Qxc3 32. Qxb6 Qf6 33. Bf3 e5 34.
Qxf6 gxf6 35. g4 fxg4 36. hxg4 Rd2 37. Kg3 Kg7 38. Be4 Rd4 39. f3 Kf7 40. Kf2
Rd2+ 41. Kg3 Ke7 42. Kh4 Kf7 43. Kg3 Rd1 44. Kh4 Rh1+ 45. Kg3 Re1 46. Kh4 Rh1+
47. Kg3 Ke7 48. Kg2 Ra1 49. Kg3 Kd6 50. Kf2 Kc5 51. Kg3 Kd4 52. Kf2 Ra2+ 53. Kg3
Ke3 54. Bd5 Ra1 55. Be4 Rg1+ 56. Kh2 Kf2 57. Bd5 Rg3 58. f4 Rxg4 {White resigns}
0-1

[Event "Team 45 45 League T33"]
[Site "Internet Chess Club"]
[Date "2007.06.11"]
[Round "8"]
[White "tourettes"]
[Black "PublisherKing"]
[Result "0-1"]
[WhiteElo "1796"]
[BlackElo "1845"]
[ECO "B10"]
[TimeControl "2700+45"]

1. e4 c6 2. c4 d6 3. d4 Qc7 4. Nc3 Nd7 5. Nf3 e5 6. d5 Ngf6 7. Qc2 Be7 8. Be2
O-O 9. O-O Rd8 10. h3 Nf8 11. Re1 Ng6 12. Bf1 Bd7 13. Be3 b6 14. a4 c5 15. Ne2
Nh5 16. Qd2 Qc8 17. Rec1 Rf8 18. Kh2 f5 19. exf5 Bxf5 20. Ng3 Nxg3 21. Kxg3 e4
22. Ng1 Bf6 23. Kh2 Ne5 24. Ra3 Qd7 25. Bf4 Rf7 26. Rca1 a5 27. Rb3 Rb8 28. Raa3
Ng6 29. Be3 Qe8 30. Ne2 Bd7 31. Rb5 Bxb5 32. axb5 Qe5+ 33. Kh1 Qxb2 34. Qxb2
Bxb2 35. Ra2 Bf6 36. Ng3 Re8 37. Nf5 Be5 38. g4 Ne7 39. Nxe7+ Rexe7 40. Bg2 Bd4
41. Bg5 Re8 42. Be3 Bxe3 43. fxe3 Ra7 44. Kh2 g5 45. Rf2 a4 46. Rf5 h6 47. h4
Rf8 {White resigns} 0-1

[Event "Team 45 45 League T33"]
[Site "Internet Chess Club"]
[Date "2007.06.09"]
[Round "8"]
[White "jonesey"]
[Black "reinaroja"]
[Result "0-1"]
[WhiteElo "1994"]
[BlackElo "2196"]
[ECO "C54"]
[TimeControl "2700+45"]

1. e4 e5 2. Nf3 Nc6 3. Bc4 Bc5 4. c3 Nf6 5. d4 exd4 6. cxd4 Bb4+ 7. Nc3 Nxe4 8.
O-O Bxc3 9. d5 Bf6 10. Re1 Ne7 11. Rxe4 d6 12. Bg5 Bxg5 13. Nxg5 h6 14. Qe2 hxg5
15. Bb5+ Kf8 16. Re1 Be6 17. dxe6 f6 18. Bd7 d5 19. Rg4 Rh6 20. f4 gxf4 21. Rxf4
c6 22. g3 Kg8 23. Rb4 Qc7 24. Qd2 c5 25. Rg4 Rh5 26. Qd1 Re5 27. Rf1 Rf8 28. Rh4
g6 29. Qg4 Re4 30. Rf4 g5 31. Rh6 Qe5 32. Rxe4 Qxe4 33. Qh5 Kg7 {White forfeits
on time} 0-1

[Event "Team 45 45 League T33"]
[Site "Internet Chess Club"]
[Date "2007.06.10"]
[Round "8"]
[White "Klampin"]
[Black "MiroslavR"]
[Result "1/2-1/2"]
[WhiteElo "2022"]
[BlackElo "2002"]
[ECO "A16"]
[TimeControl "2700+45"]

1. c4 Nf6 2. Nc3 g6 3. g3 Bg7 4. Bg2 O-O 5. Nf3 d6 6. O-O e5 7. d3 Nh5 8. e4 Nc6
9. Nd5 h6 10. Be3 Nf6 11. Rc1 Ng4 12. Bd2 Nd4 13. h3 Nf6 14. Nxd4 exd4 15. Ba5
b6 16. Nxf6+ Qxf6 17. Bb4 Rb8 18. f4 c5 19. Bd2 Bb7 20. f5 g5 21. b4 Bc6 22. b5
Bb7 23. Qa4 Qe5 24. Qxa7 Qxg3 25. f6 Bh8 26. Rf3 Qe5 27. Rcf1 Ba8 28. Qd7 Qe6
29. Qxe6 fxe6 30. Be1 Rb7 31. Bg3 e5 32. a4 {Game drawn by mutual agreement}
1/2-1/2

[Event "Team 45 45 League T33"]
[Site "Internet Chess Club"]
[Date "2007.06.11"]
[Round "8"]
[White "Bort"]
[Black "AlexeiD"]
[Result "1/2-1/2"]
[WhiteElo "2046"]
[BlackElo "2049"]
[ECO "D02"]
[TimeControl "2700+45"]

1. d4 d5 2. Nf3 c6 3. e3 Bf5 4. c4 e6 5. Nc3 Nf6 6. Bd3 Bxd3 7. Qxd3 Nbd7 8. O-O
Bb4 9. Bd2 Bxc3 10. Bxc3 O-O 11. Nd2 Re8 12. e4 e5 13. cxd5 cxd5 14. exd5 Nxd5
15. dxe5 Nxc3 16. Qxc3 Nxe5 17. Nf3 Rc8 18. Qb3 Nxf3+ 19. Qxf3 Qe7 20. h3 Qb4
21. a3 Qxb2 22. Rab1 Qc3 23. Qxb7 Qxa3 24. Ra1 Qd3 25. Qxa7 h6 26. Rad1 Qe4 27.
Qd4 Qxd4 28. Rxd4 Re2 29. Rd7 Rcc2 30. Rd8+ Kh7 31. Rd6 h5 32. Rd5 Kh6 33. Rd6+
g6 34. Rb6 Kg5 35. Rb5+ f5 36. Rb6 h4 37. Rd6 Ra2 38. Rc6 Kh5 39. Rc8 Rab2 40.
Rd8 f4 41. Rd6 Ra2 42. Rd5+ Kh6 43. Rd4 Kg5 44. Rb4 Re5 45. Rc4 Rae2 46. Ra4 Kf5
47. Rb4 g5 48. Rb8 Kg6 49. Rb6+ Kh5 50. Rf6 Re6 51. Rxe6 Rxe6 52. Ra1 Rf6 53. f3
Rb6 54. Re1 Rb2 55. Re6 Rd2 56. Rc6 {Game drawn by mutual agreement} 1/2-1/2

[Event "Team 45 45 League T33"]
[Site "Internet Chess Club"]
[Date "2007.06.09"]
[Round "8"]
[White "DeLaSalle"]
[Black "forketta"]
[Result "1/2-1/2"]
[WhiteElo "1998"]
[BlackElo "1971"]
[ECO "A03"]
[TimeControl "2700+45"]

1. f4 d5 2. Nf3 Bg4 3. e3 Nd7 4. h3 Bxf3 5. Qxf3 e5 6. Qxd5 Qh4+ 7. Kd1 O-O-O 8.
fxe5 Qe7 9. Qa5 Kb8 10. Nc3 Nxe5 11. Qa4 Nh6 12. d3 Nf5 13. Be2 Ng3 14. Re1 h5
15. e4 g6 16. Be3 a6 17. Nd5 Qe6 18. Bf4 Nxe2 19. Rxe2 Bd6 20. d4 Nd7 21. Bxd6
Qxd6 22. c3 c6 23. Qb4 Qh2 24. Ne3 Qf4 25. d5 c5 26. Qc4 Ne5 27. Qxc5 Qxe4 28.
Qd4 Qxd4+ 29. cxd4 Nd3 30. a3 Nf4 31. Rf2 Nxd5 32. Nxd5 Rxd5 33. Rxf7 Rxd4+
{Game drawn by mutual agreement} 1/2-1/2